TOP OF THE 1ST |
Houston Astros batting - Pitching for Seattle Mariners : LHP Larry Tuckfard
|
Pitching: LHP Larry Tuckfard
|
|
Batting: RHB Jesse Scott
|
0-0: Ball 1-0: Ball 2-0: Ground out 5-3 (Groundball, 56S, EV 85.6 MPH)
|
Batting: RHB Jeremy Trump
|
0-0: Ball 1-0: Foul Ball, location: 2F 1-1: Ball 2-1: Called Strike 2-2: Ball 3-2: Strikes out looking
|
Batting: SHB Jason Woods
|
0-0: Ball 1-0: Called Strike 1-1: Swinging Strike 1-2: Strikes out swinging
|
Top of the 1st over - 0 runs, 0 hits, 0 errors, 0 left on base; Houston 0 - Seattle 0 |
BOTTOM OF THE 1ST |
Seattle Mariners batting - Pitching for Houston Astros : RHP Salisbury Swanson
|
Pitching: RHP Salisbury Swanson
|
|
Batting: LHB Dae-ik Yoon
|
0-0: Ball 1-0: Called Strike 1-1: Swinging Strike 1-2: Strikes out swinging
|
Batting: RHB Steve Jordan
|
0-0: Called Strike 0-1: Swinging Strike 0-2: Fly out, F7 (Line Drive, 7, EV 88.1 MPH)
|
Batting: SHB Robbie Rogers
|
0-0: Called Strike 0-1: Ball 1-1: Swinging Strike 1-2: Foul Ball, location: 2F 1-2: SINGLE (Line Drive, 5D, EV 105.0 MPH)
|
Batting: RHB Tony Vargas
|
0-0: Ball 1-0: Ball 2-0: Called Strike 2-1: Ball 3-1: Called Strike 3-2: Base on Balls Robbie Rogers to second
|
Batting: RHB Pavpv Ivanushkin
|
0-0: Called Strike 0-1: Called Strike 0-2: Reached on error, E2 (Groundball, 2R, EV 65.6 MPH) Robbie Rogers scores Tony Vargas to third
|
Batting: RHB Jimmy Hammertime
|
0-0: Foul Ball, location: 2F 0-1: Ball 1-1: Fly out, F7 (Flyball, BS3, EV 90.6 MPH)
|
Bottom of the 1st over - 1 run, 1 hit, 1 error, 2 left on base; Houston 0 - Seattle 1 |
TOP OF THE 2ND |
Houston Astros batting - Pitching for Seattle Mariners : LHP Larry Tuckfard
|
Batting: RHB Eric Chotkowski
|
0-0: Ball 1-0: Called Strike 1-1: Ball 2-1: Fly out, F8 (Flyball, 8LM, EV 83.1 MPH)
|
Batting: LHB Jack Christie
|
0-0: Ball 1-0: Foul Ball, location: 2F 1-1: Ball 2-1: Foul Ball, location: 2F 2-2: Foul Ball, location: 2F 2-2: SINGLE (Line Drive, 78M, EV 108.1 MPH)
|
Batting: SHB Rich Chavez
|
0-0: Ball 1-0: Grounds into double play, 5-4-3 (Groundball, 56S, EV 87.5 MPH)
|
Top of the 2nd over - 0 runs, 1 hit, 0 errors, 0 left on base; Houston 0 - Seattle 1 |
BOTTOM OF THE 2ND |
Seattle Mariners batting - Pitching for Houston Astros : RHP Salisbury Swanson
|
Batting: RHB Corey Ottinger
|
0-0: Swinging Strike 0-1: SINGLE (Flyball, 89S, EV 95.0 MPH)
|
Batting: LHB Jerrod Cluck
|
0-0: Ball 1-0: Ball 2-0: Swinging Strike 2-1: 2-RUN HOME RUN (Flyball, 9D, EV 97.5 MPH), Distance : 387 ft
|
Batting: RHB Malik Brookshire
|
0-0: Ball 1-0: Foul Ball, location: 2F 1-1: Fly out, F9 (Flyball, 89M, EV 80.6 MPH)
|
Batting: LHB Dae-ik Yoon
|
0-0: Foul Ball, location: 2F 0-1: Ball 1-1: Called Strike 1-2: Foul Ball, location: 2F 1-2: Ground out 4-3 (Groundball, 4, EV 105.6 MPH)
|
Batting: RHB Steve Jordan
|
0-0: Ball 1-0: Ball 2-0: Ball 3-0: Base on Balls
|
Batting: SHB Robbie Rogers
|
0-0: Swinging Strike 0-1: Foul Ball, location: 2F 0-2: SINGLE (Line Drive, 9LS, EV 113.8 MPH) Steve Jordan to second
|
Batting: RHB Tony Vargas
|
0-0: Ball 1-0: Foul Ball, location: 2F 1-1: Foul Ball, location: 2F 1-2: Strikes out swinging
|
Bottom of the 2nd over - 2 runs, 3 hits, 0 errors, 2 left on base; Houston 0 - Seattle 3 |
TOP OF THE 3RD |
Houston Astros batting - Pitching for Seattle Mariners : LHP Larry Tuckfard
|
Batting: SHB Joe Gardner
|
0-0: Swinging Strike 0-1: Fly out, F3 (Popup, 3F, EV 62.5 MPH)
|
Batting: LHB Bryce Hill
|
0-0: Called Strike 0-1: Ground out 4-3 (Groundball, 34, EV 90.6 MPH)
|
Batting: RHB Danny Merrill
|
0-0: Called Strike 0-1: Called Strike 0-2: Foul Ball, location: 2F 0-2: Fly out, F8 (Flyball, 8RD, EV 80.6 MPH)
|
Top of the 3rd over - 0 runs, 0 hits, 0 errors, 0 left on base; Houston 0 - Seattle 3 |
BOTTOM OF THE 3RD |
Seattle Mariners batting - Pitching for Houston Astros : RHP Salisbury Swanson
|
Batting: RHB Pavpv Ivanushkin
|
0-0: Ball 1-0: Ground out 6-3 (Groundball, 6, EV 83.8 MPH)
|
Batting: RHB Jimmy Hammertime
|
0-0: Ball 1-0: Called Strike 1-1: Ball 2-1: Fly out, F4 (Popup, 23, EV 81.9 MPH)
|
Batting: RHB Corey Ottinger
|
0-0: Ball 1-0: TRIPLE (Flyball, 89XD, EV 104.4 MPH)
|
Batting: LHB Jerrod Cluck
|
0-0: Called Strike 0-1: Ball 1-1: Foul Ball, location: 2F 1-2: Foul Ball, location: 2F 1-2: SINGLE (Groundball, 4MD, EV 94.4 MPH) Corey Ottinger scores
|
Batting: RHB Malik Brookshire
|
0-0: Ball Wild Pitch! Jerrod Cluck to second 1-0: Fly out, F8 (Flyball, 8RM, EV 92.5 MPH)
|
Bottom of the 3rd over - 1 run, 2 hits, 0 errors, 1 left on base; Houston 0 - Seattle 4 |
TOP OF THE 4TH |
Houston Astros batting - Pitching for Seattle Mariners : LHP Larry Tuckfard
|
Batting: RHB Jesse Scott
|
0-0: Called Strike 0-1: Ground out 5-3 (Groundball, 56, EV 108.1 MPH)
|
Batting: RHB Jeremy Trump
|
0-0: Foul Ball, location: 2F 0-1: Ground out 3-1 (Groundball, 34S, EV 82.5 MPH)
|
Batting: SHB Jason Woods
|
0-0: Swinging Strike 0-1: Ball 1-1: Ball 2-1: Swinging Strike 2-2: Ball 3-2: Strikes out swinging
|
Top of the 4th over - 0 runs, 0 hits, 0 errors, 0 left on base; Houston 0 - Seattle 4 |
BOTTOM OF THE 4TH |
Seattle Mariners batting - Pitching for Houston Astros : RHP Salisbury Swanson
|
Batting: LHB Dae-ik Yoon
|
0-0: Called Strike 0-1: Ball 1-1: Swinging Strike 1-2: Ground out 6-3 (Groundball, 6M, EV 81.2 MPH)
|
Batting: RHB Steve Jordan
|
0-0: Called Strike 0-1: Ball 1-1: Fly out, F8 (Flyball, 8RS, EV 86.2 MPH)
|
Batting: SHB Robbie Rogers
|
0-0: Ball 1-0: Foul Ball, location: 2F 1-1: Ball 2-1: Ball 3-1: Fly out, F9 (Flyball, 89M, EV 87.5 MPH)
|
Bottom of the 4th over - 0 runs, 0 hits, 0 errors, 0 left on base; Houston 0 - Seattle 4 |
TOP OF THE 5TH |
Houston Astros batting - Pitching for Seattle Mariners : LHP Larry Tuckfard
|
Batting: RHB Eric Chotkowski
|
0-0: Called Strike 0-1: Ball 1-1: Ball 2-1: Called Strike 2-2: Foul Ball, location: 2F 2-2: Foul Ball, location: 2F 2-2: Foul Ball, location: 2F 2-2: Foul Ball, location: 2F 2-2: Ground out 3-1 (Groundball, 34S, EV 94.4 MPH)
|
Batting: LHB Jack Christie
|
0-0: Foul Ball, location: 2F 0-1: Ball 1-1: Foul Ball, location: 2F 1-2: Ball 2-2: Foul Ball, location: 2F 2-2: Fly out, F7 (Flyball, 78M, EV 90.0 MPH)
|
Batting: SHB Rich Chavez
|
0-0: Ball 1-0: Swinging Strike 1-1: SINGLE (Line Drive, 9S, EV 106.9 MPH)
|
Batting: SHB Joe Gardner
|
0-0: Foul Ball, location: 2F 0-1: Ball 1-1: Ball 2-1: Swinging Strike 2-2: Foul Ball, location: 2F 2-2: Foul Ball, location: 2F 2-2: Strikes out swinging
|
Top of the 5th over - 0 runs, 1 hit, 0 errors, 1 left on base; Houston 0 - Seattle 4 |
BOTTOM OF THE 5TH |
Seattle Mariners batting - Pitching for Houston Astros : RHP Salisbury Swanson
|
Batting: RHB Tony Vargas
|
0-0: Called Strike 0-1: SOLO HOME RUN (Flyball, 7D, EV 108.1 MPH), Distance : 409 ft
|
Pitching: RHP Ricardo Acosta
|
|
Batting: RHB Pavpv Ivanushkin
|
0-0: Ball 1-0: Foul Ball, location: 2F 1-1: DOUBLE (Groundball, 5L, EV 103.8 MPH)
|
Batting: RHB Jimmy Hammertime
|
0-0: Ball 1-0: Ball 2-0: Ball 3-0: Fly out, F9 (Line Drive, 9S, EV 111.2 MPH)
|
Batting: RHB Corey Ottinger
|
0-0: Ball 1-0: Ball 2-0: Called Strike 2-1: SINGLE (Line Drive, 78S, EV 104.4 MPH) Pavpv Ivanushkin to third
|
Batting: LHB Jerrod Cluck
|
0-0: Ball 1-0: Ground out 4-3 (Groundball, 34, EV 102.5 MPH) Pavpv Ivanushkin scores Corey Ottinger to second
|
Batting: RHB Malik Brookshire
|
0-0: Called Strike 0-1: Ball 1-1: Swinging Strike 1-2: Foul Ball, location: 2F 1-2: Ball 2-2: Ball 3-2: Base on Balls
|
Batting: LHB Dae-ik Yoon
|
0-0: Called Strike 0-1: Ball 1-1: Ball Passed Ball! Corey Ottinger to third Malik Brookshire to second 2-1: Foul Ball, location: 2F 2-2: Foul Ball, location: 2F 2-2: Foul Ball, location: 2F 2-2: Ball 3-2: Fly out, F4 (Line Drive, 4, EV 65.6 MPH)
|
Bottom of the 5th over - 2 runs, 3 hits, 0 errors, 2 left on base; Houston 0 - Seattle 6 |
TOP OF THE 6TH |
Houston Astros batting - Pitching for Seattle Mariners : LHP Larry Tuckfard
|
Batting: LHB Bryce Hill
|
0-0: Ball 1-0: Called Strike 1-1: Ball 2-1: Ball 3-1: Called Strike 3-2: Ground out 6-3 (Groundball, 6MD, EV 86.9 MPH)
|
Batting: RHB Danny Merrill
|
0-0: Swinging Strike 0-1: Ball 1-1: Ball 2-1: Ground out 4-3 (Groundball, 4, EV 82.5 MPH)
|
Batting: RHB Jesse Scott
|
0-0: Foul Ball, location: 2F 0-1: Ground out 6-3 (Groundball, 56, EV 87.5 MPH)
|
Top of the 6th over - 0 runs, 0 hits, 0 errors, 0 left on base; Houston 0 - Seattle 6 |
BOTTOM OF THE 6TH |
Seattle Mariners batting - Pitching for Houston Astros : RHP Ricardo Acosta
|
Batting: RHB Steve Jordan
|
0-0: Ball 1-0: Called Strike 1-1: Called Strike 1-2: Foul Ball, location: 2F 1-2: Ball 2-2: Ball 3-2: Base on Balls
|
Pitching: RHP Mike Chisolm
|
|
Batting: SHB Robbie Rogers
|
0-0: Ball 1-0: Called Strike 1-1: Reached on error, E2 (Groundball, 2R, EV 68.8 MPH) Steve Jordan to third
|
Batting: RHB Tony Vargas
|
0-0: Ball 1-0: Ball 2-0: Called Strike 2-1: Ball Wild Pitch! Steve Jordan scores Robbie Rogers to third 3-1: Base on Balls
|
Batting: RHB Pavpv Ivanushkin
|
0-0: Ball 1-0: Called Strike 1-1: Ball 2-1: Swinging Strike 2-2: Foul Ball, location: 2F 2-2: Hit by Pitch Tony Vargas to second
|
Batting: RHB Jimmy Hammertime
|
0-0: Grounds into double play, 6-4-3 (Groundball, 6, EV 106.9 MPH) Robbie Rogers scores Tony Vargas to third
|
Batting: RHB Corey Ottinger
|
0-0: Ball Wild Pitch! Tony Vargas scores 1-0: Ball 2-0: Called Strike 2-1: Ball 3-1: Called Strike 3-2: Foul Ball, location: 2F 3-2: Foul Ball, location: 2F 3-2: Foul Ball, location: 2F 3-2: Foul Ball, location: 2F 3-2: Foul Ball, location: 2F 3-2: Base on Balls
|
Batting: LHB Jerrod Cluck
|
0-0: Ball 1-0: Foul Ball, location: 2F 1-1: Ball 2-1: Foul Ball, location: 2F 2-2: Ground out 4-3 (Groundball, 4, EV 84.4 MPH)
|
Bottom of the 6th over - 3 runs, 0 hits, 1 error, 1 left on base; Houston 0 - Seattle 9 |
TOP OF THE 7TH |
Houston Astros batting - Pitching for Seattle Mariners : LHP Larry Tuckfard
|
Now at 2B: Malik Brookshire
|
|
Now at 3B: Corey Ottinger
|
|
Now at SS: Harutomi Matsubara
|
|
Batting: RHB Jeremy Trump
|
0-0: Called Strike 0-1: Swinging Strike 0-2: Strikes out swinging
|
Batting: SHB Jason Woods
|
0-0: Foul Ball, location: 2F 0-1: Called Strike 0-2: Ball 1-2: Ball 2-2: Foul Ball, location: 2F 2-2: Ball 3-2: Foul Ball, location: 2F 3-2: Base on Balls
|
Batting: RHB Eric Chotkowski
|
0-0: Ball 1-0: Swinging Strike 1-1: Ball 2-1: Foul Ball, location: 2F 2-2: Ball 3-2: Strikes out swinging Jason Woods steals 2nd base (no throw) Batter strikes out.
|
Batting: SHB Paskar Adegoke
|
0-0: Ball 1-0: Ball 2-0: SINGLE (Groundball, 6M, EV 83.1 MPH) (infield hit) Jason Woods to third
|
Batting: SHB Rich Chavez
|
0-0: SINGLE (Groundball, 6MD, EV 93.8 MPH) Jason Woods scores Paskar Adegoke to second
|
Batting: SHB Joe Gardner
|
0-0: Fielders Choice at 2nd, 6-4 (Groundball, 6, EV 88.8 MPH)
|
Top of the 7th over - 1 run, 2 hits, 0 errors, 2 left on base; Houston 1 - Seattle 9 |
BOTTOM OF THE 7TH |
Seattle Mariners batting - Pitching for Houston Astros : RHP Mike Chisolm
|
Batting: RHB Malik Brookshire
|
0-0: Called Strike 0-1: Ball 1-1: Ball 2-1: Swinging Strike 2-2: Strikes out swinging
|
Pitching: RHP Mike Wirick
|
|
Batting: LHB Dae-ik Yoon
|
0-0: Fly out, F7 (Flyball, 78M, EV 80.6 MPH)
|
Batting: RHB Steve Jordan
|
0-0: Ball 1-0: Swinging Strike 1-1: Foul Ball, location: 2F 1-2: Ball 2-2: Foul Ball, location: 2F 2-2: Ball 3-2: SINGLE (Line Drive, 6M, EV 108.8 MPH)
|
Batting: SHB Robbie Rogers
|
0-0: Ball 1-0: Ball 2-0: SINGLE (Groundball, 56S, EV 68.8 MPH) (infield hit) Steve Jordan to second
|
Batting: RHB Tony Vargas
|
0-0: Called Strike 0-1: Foul Ball, location: 2F 0-2: SINGLE (Groundball, 6MD, EV 94.4 MPH) Steve Jordan to third Robbie Rogers to second Runner from 3rd tries for Home, throw by CF and OUT! 8-2
|
Bottom of the 7th over - 0 runs, 3 hits, 0 errors, 2 left on base; Houston 1 - Seattle 9 |
TOP OF THE 8TH |
Houston Astros batting - Pitching for Seattle Mariners : LHP Larry Tuckfard
|
Batting: LHB Bryce Hill
|
0-0: Ball 1-0: Ball 2-0: Fly out, F7 (Flyball, 7D, EV 107.5 MPH)
|
Pitching: LHP David Anaya
|
|
Batting: RHB Danny Merrill
|
0-0: Foul Ball, location: 2F 0-1: Ball 1-1: Ball 2-1: DOUBLE (Line Drive, 7LD, EV 106.2 MPH)
|
Batting: RHB Jesse Scott
|
0-0: Foul Ball, location: 2F 0-1: Ball 1-1: Ball 2-1: DOUBLE (Flyball, 8LXD, EV 98.1 MPH) Danny Merrill scores
|
Batting: RHB Jeremy Trump
|
0-0: Ground out 5-3 (Groundball, 56, EV 87.5 MPH)
|
Batting: SHB Jason Woods
|
0-0: Ball 1-0: Ball 2-0: Ball 3-0: Base on Balls
|
Batting: RHB Eric Chotkowski
|
0-0: Ball 1-0: Ball 2-0: Foul Ball, location: 2F 2-1: Foul Ball, location: 2F 2-2: Ball 3-2: Foul Ball, location: 2F 3-2: Strikes out looking
|
Top of the 8th over - 1 run, 2 hits, 0 errors, 2 left on base; Houston 2 - Seattle 9 |
BOTTOM OF THE 8TH |
Seattle Mariners batting - Pitching for Houston Astros : RHP Mike Wirick
|
Batting: RHB Pavpv Ivanushkin
|
0-0: SOLO HOME RUN (Flyball, 7LD, EV 95.6 MPH), Distance : 352 ft
|
Batting: RHB Harutomi Matsubara
|
0-0: DOUBLE (Groundball, 3L, EV 105.6 MPH)
|
Batting: RHB Corey Ottinger
|
0-0: Called Strike 0-1: Ground out 5-3 (Groundball, 56S, EV 81.2 MPH)
|
Batting: LHB Jerrod Cluck
|
0-0: Ball 1-0: Swinging Strike 1-1: Foul Ball, location: 2F 1-2: Foul Ball, location: 2F 1-2: Strikes out swinging
|
Pitching: RHP Kyle McPeak
|
|
Batting: RHB Malik Brookshire
|
0-0: Foul Ball, location: 2F 0-1: Foul Ball, location: 2F 0-2: Strikes out swinging
|
Bottom of the 8th over - 1 run, 2 hits, 0 errors, 1 left on base; Houston 2 - Seattle 10 |
TOP OF THE 9TH |
Houston Astros batting - Pitching for Seattle Mariners : LHP David Anaya
|
Batting: SHB Paskar Adegoke
|
0-0: Ball 1-0: Ball 2-0: Swinging Strike 2-1: Called Strike 2-2: Foul Ball, location: 2F 2-2: Foul Ball, location: 2F 2-2: Strikes out swinging
|
Batting: SHB Rich Chavez
|
0-0: SINGLE (Groundball, 56D, EV 103.8 MPH)
|
Pitching: RHP William de Jesus
|
|
Batting: SHB Joe Gardner
|
0-0: Called Strike 0-1: Ball 1-1: Grounds into double play, 3-6-3 (Groundball, 3, EV 78.8 MPH)
|
Top of the 9th over - 0 runs, 1 hit, 0 errors, 0 left on base; Houston 2 - Seattle 10 |
|